 Dungeon Crawl Stone Soup version 0.26-a0-610-g3e9335b (webtiles) character file.

Game seed: 13756072711864329121

63 B1Gdaddy5 the Skirmisher (level 3, -4/33 HPs)
             Began as a Draconian Berserker on Sept 4, 2020.
             Was a Believer of Trog.
             Slain by a gnoll
             ... wielding a +2 spear of venom
              (9 damage)
             ... on level 2 of the Dungeon.
             The game lasted 00:08:10 (897 turns).

B1Gdaddy5 the Skirmisher (Draconian Berserker)       Turns: 897, Time: 00:08:11

Health: -4/33      AC:  5    Str: 20    XL:     3   Next: 87%
Magic:  3/3        EV: 12    Int:  7    God:    Trog [**....]
Gold:   55         SH:  0    Dex:  6    Spells: 2/2 levels left

rFire    . . .     SeeInvis .   a - +0 spear
rCold    . . .     Faith    .   (no shield)
rNeg     . . .     Spirit   .   (armour unavailable)
rPois    .         Reflect  .   (helmet restricted)
rElec    .         Harm     .   (no cloak)
rCorr    .                      (no gloves)
MR       ++...                  (no boots)
Stlth    +.........             (no amulet)
HPRegen  1.11/turn              h - -4 ring of dexterity (curse)
MPRegen  0.08/turn              (no ring)

@: lethally poisoned (-4 -> -7), berserk cooldown, regenerating (expiring),
slowed, very slow
A: unfitting armour, cold-blooded, AC +5
a: Berserk, Trog's Hand, Renounce Religion


You were on level 2 of the Dungeon.
You worshipped Trog.
Trog was pleased with you.
You visited 1 branch of the dungeon, and saw 2 of its levels.

You collected 55 gold pieces.

Inventory:

Hand Weapons
 a - a +0 spear (weapon)
Jewellery
 h - a cursed -4 ring of dexterity (left hand)
Scrolls
 b - a scroll of teleportation {unknown}
 c - a scroll of identify {unknown}
 d - a scroll of enchant armour {unknown}
 f - a scroll of fog {unknown}
 g - a scroll of remove curse {unknown}
Potions
 e - 2 potions of curing


   Skills:
 + Level 3.9 Fighting
 + Level 3.8 Polearms
 + Level 3.3 Dodging


You had 2 spell levels left.
You didn't know any spells.
Your spell library was empty.

Dungeon Overview and Level Annotations

Branches:
Dungeon (2/15)

Altars:


Innate Abilities, Weirdness & Mutations

Your plain brown scales are hard. (AC +5)
You cannot fit into any form of body armour.
You are cold-blooded and may be slowed by cold attacks.


Message History

The gnoll hits you with a +2 spear of venom.
You closely miss the gnoll.
Your tail-slap misses the gnoll.
You feel sick. The gnoll closely misses you. The gnoll misses you.
You barely miss the gnoll.
You tail-slap the gnoll, but do no damage.
You feel very sick.
The gnoll hits you with a +2 spear of venom!
* * * LOW HITPOINT WARNING * * *
You are more poisoned.
You hit the gnoll.
The gnoll is lightly wounded.
You feel the effects of Trog's Hand fading.
* * * LOW HITPOINT WARNING * * *
You feel very sick. The gnoll misses you.
You puncture the gnoll!
The gnoll is heavily wounded.
You feel sick.
The gnoll hits you with a +2 spear of venom!
You die...

.............<...+.....
....####........##......
....# ##'##..#.# ......
##### ###.##...†## #####
#...#####..##
##......)†..#
#########..#
######.######..
##...g@.........
#................
#................
#..........###...
+...#####..# .. #...
.... . #.. $..#. #.
.....# ....#


You could see a gnoll.

Vanquished Creatures
  2 gnolls (D:2)
  2 dart slugs (D:1)
  A giant cockroach (D:2)
  7 goblins
  5 hobgoblins (D:1)
  2 jackals (D:1)
  4 kobolds
  4 bats
  3 frilled lizards (D:1)
  9 rats
39 creatures vanquished.

Notes
Turn   | Place    | Note
-------+----------+-------------------------------------------
     0 | D:1      | B1Gdaddy5 the Draconian Berserker began the quest for the
                  | Orb.
     0 | D:1      | Reached XP level 1. HP: 19/19 MP: 1/1
    57 | D:1      | Reached XP level 2. HP: 26/26 MP: 2/2
   546 | D:1      | Reached ** piety under Trog
   552 | D:1      | Reached XP level 3. HP: 28/33 MP: 3/3
   897 | D:2      | Slain by a gnoll

Illustrated notes

Levels and vault maps discovered:
D:1:      dpeg_arrival_round_c, layout_basic, minmay_tromino_v7
D:2:      layout_basic, lemuel_coloured_pillars_altar, kennysheep_potato

Skill      XL: |  1  2 |
---------------+-------+-----
Dodging        | 3 |  3.3
Fighting       | |  3.9
Polearms       | |  3.8

Action                   || total
-------------------------++-------
Melee: Spear             ||    97
       Tailslap          ||     6
Invok: Berserk           ||     4
       Trog's Hand       ||     1
  Use: Potion            ||     3
Armor: Skin              ||    21
Dodge: Dodged            ||    70

Table legend: (Time is in decaauts)
 A = Elapsed time spent in this place.
 B = Non-inter-level travel time spent in this place.
 C = Inter-level travel time spent in this place.
 D = Time resting spent in this place.
 E = Time spent auto-exploring this place.
 F = Levels seen in this place.
 G = Mean time per level.
                   A        B        C        D        E       F      G
               +--------+--------+--------+--------+--------+-----+--------+
         Total |    926 |    914 |     12 |     81 |    397 |   2 |  463.0 |
       Dungeon |    926 |    914 |     12 |     81 |    397 |   2 |  463.0 |
               +--------+--------+--------+--------+--------+-----+--------+

Top non-repeatable levels by time:
     D:1: 757 daAuts
     D:2: 168 daAuts
